 Dungeon Crawl Stone Soup version 0.21.1-74-g47da925 (webtiles) character file.

122238 eccles the Executioner (level 16, -9/159 HPs)
             Began as a Minotaur Berserker on Aug 1, 2018.
             Was the Champion of Trog.
             Killed from afar by a thorn hunter (31 damage)
             ... with a volley of thorns
             ... on level 3 of the Swamp on Aug 8, 2018.
             The game lasted 02:46:59 (25566 turns).

eccles the Executioner (Minotaur Berserker)        Turns: 25566, Time: 02:47:01

Health: -9/159     AC: 27    Str: 25    XL:     16   Next: 34%
Magic:  15/15      EV: 10    Int:  9    God:    Trog [******]
Gold:   1057       SH:  0    Dex: 16    Spells: 15/15 levels left

rFire    + . .     SeeInvis .   G - +6 battleaxe "Raikiogh" {speed, +Rage rN+ MR+ Int+5}
rCold    + . .     Gourm    .   (shield currently unavailable)
rNeg     + . .     Faith    .   K - +2 plate armour
rPois    .         Spirit   .   V - +2 hat
rElec    .         Reflect  .   X - scarf {repulsion}
rCorr    .         Harm     .   W - +2 pair of gloves
MR       +++++                  e - +2 pair of boots
Stlth    ..........             (no amulet)
HPRegen  0.36/turn              A - ring "Voxuzxeph" {rF+ rC+ MR+++}
MPRegen  0.14/turn              E - +2 ring of strength

@: berserk cooldown, slowed, drained, repel missiles, very slow
A: retaliatory headbutt, horns 2
a: Berserk, Trog's Hand, Brothers in Arms, Burn Spellbooks, Renounce Religion,
Evoke Berserk Rage


You were on level 3 of the Swamp.
You worshipped Trog.
Trog was exalted by your worship.
You were near starving.

You visited 4 branches of the dungeon, and saw 26 of its levels.
You also visited: Ice Cave.

You collected 3091 gold pieces.
You spent 2034 gold pieces at shops.

Inventory:

Hand Weapons
 q - a +2 mace of protection
 F - a +5 battleaxe of electrocution
 G - the +6 battleaxe "Raikiogh" (weapon) {speed, +Rage rN+ MR+ Int+5}
   (Trog gifted it to you on level 1 of the Swamp)

   Attacks with this weapon are significantly faster.
   It affects your intelligence (+5).
   It protects you from negative energy.
   It affects your resistance to hostile enchantments.
   It lets you go berserk.
 M - a +4 antimagic battleaxe
 T - the +4 rapier of Fupp {drain, rElec}
   (You found it on level 4 of the Lair of Beasts)

   A truly terrible weapon, it drains the life of those it strikes.
   It insulates you from electricity.
Missiles
 h - 8 javelins
 i - 2 tomahawks of returning (quivered)
Armour
 d - +0 fire dragon scales
 e - a +2 pair of boots (worn)
 o - a +2 cloak of magic resistance
 K - a +2 plate armour (worn)
 P - the +1 pair of gloves of Ygufihul {rC++ rN+ Dex-4 SInv}
   (You found it in an ice cave)

   It affects your dexterity (-4).
   It greatly protects you from cold.
   It protects you from negative energy.
   It lets you see invisible.
 V - a +2 hat (worn)
 W - a +2 pair of gloves (worn)
 X - a scarf of repulsion (worn)
Jewellery
 z - an uncursed ring of protection from magic
 A - the ring "Voxuzxeph" (left hand) {rF+ rC+ MR+++}
   (You found it on level 4 of the Dungeon)

   [ring of protection from cold]

   It protects you from fire.
   It protects you from cold.
   It affects your resistance to hostile enchantments.
 E - a +2 ring of strength (right hand)
Wands
 b - a wand of disintegration (11)
 f - a wand of acid (44)
 p - a wand of digging (12)
 v - a wand of clouds (1)
 x - a wand of paralysis (18)
 H - a wand of flame (153)
 J - a wand of polymorph (21)
 N - a wand of iceblast (44)
 Q - a wand of enslavement (11)
Scrolls
 k - 7 scrolls of magic mapping
 m - 9 scrolls of teleportation
 r - 2 scrolls of enchant armour
 u - 2 scrolls of immolation
 w - 8 scrolls of identify
 y - 16 scrolls of remove curse
 B - 9 scrolls of fog
 L - 2 scrolls of fear
 O - a scroll of brand weapon
Potions
 a - 3 potions of resistance
 g - a potion of invisibility
 j - 2 potions of might
 l - 13 potions of heal wounds
 n - 6 potions of brilliance
 s - 9 potions of curing
 t - a potion of magic
 C - 2 potions of flight
 D - 7 potions of haste
 I - 3 potions of ambrosia
 S - 2 potions of agility
 Z - a potion of berserk rage
Miscellaneous
 U - a lightning rod (4/4)
Comestibles
 c - 35 rations
 R - 6 chunks of flesh


   Skills:
 * Level 18.8(18.7) Fighting
 * Level 22.9(22.8) Axes
 + Level 3.6(15.9) Maces & Flails
 + Level 0.2(0.1) Throwing
 + Level 13.4(13.2) Armour
 + Level 4.8(4.6) Dodging
 + Level 2.2(2.1) Stealth
 + Level 1.2(1.1) Evocations


You had 15 spell levels left.
You didn't know any spells.

Dungeon Overview and Level Annotations

Branches:
Dungeon (15/15) Temple (0/1) D:7 Lair (6/6) D:8 Swamp (3/4) Lair:4 Snake (0/4) Lair:3 Slime (0/5) Lair:5 Orc (2/2) D:9 Elf (0/3) Orc:2 Vaults (0/5) D:13 D:14 Depths (0/5) D:15

Altars:
Cheibriados
Fedhas
Makhleb
Nemelex Xobeh
Qazlal
Sif Muna
Uskayaw
Vehumet
Xom
Zin
The Shining One
Beogh

Shops:
D:5 :   D:8 !   D:15 *   Orc:1 :}?   Orc:2 [*(=


Innate Abilities, Weirdness & Mutations

You reflexively headbutt those who attack you in melee.
You have a pair of horns on your head.


Message History

Thorny briars emerge from the ground!
The spectral spriggan druid fades away!
The thorn hunter is engulfed in spectral mist.
The spectral swamp drake fades away!
The thorn hunter gestures.
The spectral spiny frog hits you but does no damage.
The spectral alligator snapping turtle fades away!
The spectral spiny frog fades away!
The thorn hunter gestures.
Thorny briars emerge from the ground!
You enter the shallow water.
Moving in this stuff is going to be slow.
The briar patch crumbles away. x2
The thorn hunter fires a volley of thorns at you.
The volley of thorns hits you!
* * * LOW HITPOINT WARNING * * *
The briar patch crumbles away. x5
The thorn hunter fires a volley of thorns at you.
The volley of thorns hits you!
You die...

♣.≈≈≈≈§§§.♣≈..♣.≈.♣ ♣.≈..<..
.♣≈≈≈≈§≈§≈§§≈..§♣♣♣ ♣♣♣♣♣.≈♣†...
♣.♣≈≈≈≈≈≈≈≈§.....≈♣♣♣♣.♣♣≈.≈....≈
.♣≈≈≈Z≈≈§≈≈§♣.≈≈...≈≈P.≈≈....≈≈.≈
♣..§≈.§.§.♣♣♣≈§≈≈...≈PP≈≈.§≈≈≈≈≈≈
.♣.....≈♣♣♣♣♣♣♣ft.≈≈≈≈≈≈.♣.≈≈≈≈≈≈
♣♣≈....§≈≈♣≈....≈≈≈≈≈PP≈.♣.≈≈≈≈≈≈
♣...≈≈≈≈..≈≈.§≈≈≈≈≈≈PP≈.♣♣<≈≈≈≈.
♣.≈♣.≈≈≈..≈§.≈♣♣@≈≈≈≈≈P♣♣♣♣♣.....
♣.≈..≈≈.≈♣♣..≈.≈.♣§..P≈♣ ♣♣♣♣♣♣


♣.PPPPPPP..≈PPPPPPPPP.... ..PPPPPP...PPPPPPPPPPP.≈≈ ♣...≈≈≈...♣♣♣.≈≈≈..≈...§ .≈
..♣♣♣...≈.≈$ ≈≈. ♣≈≈§≈ . ≈§≈. ≈≈≈≈. You could see a thorn hunter and a ghost
crab.

Vanquished Creatures
  Saint Roka (Orc:2)
  Rupert (Lair:3)
  Frances (Swamp:1)
  A thorn hunter (Swamp:1)
  Roxanne (Swamp:2)
  Louise (Swamp:1)
  A stone giant (Orc:2)
  Nessos (Lair:5)
  Snorg (Lair:5)
  A fire dragon (Lair:6)
  Josephine (Swamp:1)
  An ogre mage (D:15)
  2 rakshasas (D:15)
  13 hydras
  3 catoblepae
  2 centaur warriors (D:14)
  A two-headed ogre (shapeshifter) (D:15)
  7 two-headed ogres
  The ghost of Sermion the Carver, a novice MiBe of Trog (D:9)
  7 alligators
  An orc high priest (Orc:2)
  Urug (D:13)
  3 death yaks (Lair:4)
  2 tengu warriors
  2 spriggan druids
  3 unseen horrors
  A glowing orange brain (D:15)
  A flayed ghost (D:15)
  3 swamp dragons
  2 shambling mangroves
  3 lindwurms (Lair:6)
  A necromancer (IceCv)
  5 orc knights
  The ghost of Rwicked the Basher, a novice MiBe of Trog (D:5)
  2 deep elf magi
  5 cyclopes
  5 manticores
  9 ugly things
  4 orc sorcerers
  3 elephants (Lair:4)
  Maurice (D:8)
  3 black mambas
  2 ice statues
  8 spiny frogs
  3 centaur skeletons
  12 rime drakes
  4 kobold demonologists
  9 komodo dragons
  11 freezing wraiths
  A queen bee (shapeshifter) (D:15)
  7 trolls
  3 tyrant leeches
  8 hornets
  The ghost of Alter the Charmwright, an amateur GnSk (D:6)
  2 polar bears
  5 blink frogs
  Prince Ribbit (D:8)
  3 wolf spider simulacra (IceCv)
  3 bog bodies (Swamp:2)
  12 slime creatures
  7 hippogriffs
  A hippogriff (shapeshifter) (D:15)
  Sigmund (D:5)
  3 shadows
  The ghost of HandholdingErotica the Cudgeler, an amateur OgBe of Trog (D:3)
  A spriggan (Swamp:2)
  A vampire (D:15)
  6 wyverns
  3 wraiths (Swamp:1)
  42 yaks
  16 humans (D:13)
  3 basilisks (Lair:6)
  A steam dragon (D:15)
  9 vampire mosquitoes
  2 hungry ghosts
  4 wargs
  13 insubstantial wisps
  3 acid dragons (Lair:6)
  19 water moccasins
  17 swamp worms
  5 porcupines
  29 orc warriors
  3 sky beasts
  9 swamp drakes
  9 ice beasts
  An eye of draining (D:14)
  4 black bears
  A wolf (Lair:6)
  17 ogres
  A necrophage (D:9)
  17 crocodiles
  5 centaurs
  4 big kobolds
  11 bullfrogs
  3 scorpions
  6 killer bees (D:12)
  An elephant simulacrum (IceCv)
  12 wights (D:12)
  An electric eel (Lair:4)
  4 crimson imps
  4 draconian simulacra (IceCv)
  22 jellies
  3 centaur zombies
  A quasit (D:7)
  2 bullfrog zombies
  15 orc priests
  9 hounds
  Crazy Yiuf (D:2)
  Ijyb (D:3)
  3 bullfrog skeletons
  3 iguanas
  6 hell rats (Lair:2)
  24 orc wizards
  9 worker ants
  2 spriggan simulacra (IceCv)
  7 troll simulacra (IceCv)
  A killer bee zombie (D:5)
  3 centaur simulacra (IceCv)
  A hound skeleton (D:4)
  Robin (D:3)
  11 adders
  8 gnolls
  3 naga simulacra (IceCv)
  An ogre simulacrum (IceCv)
  2 shadow imps
  12 white imps (IceCv)
  3 oozes
  3 adder skeletons
  An adder zombie (D:9)
  4 worms
  A dart slug (D:2)
  8 leopard geckos
  74 orcs
  A giant cockroach (D:4)
  15 goblins
  9 hobgoblins
  12 jackals
  14 kobolds
  2 quokkas
  A ball python (D:2)
  2 bats (D:2)
  3 frilled lizards
  5 rats
  2 briar patches (Swamp:1)
  10 fungi
  4 plants (Lair:6)
829 creatures vanquished.

Vanquished Creatures (others)
  A hornet (Swamp:3)
  A spriggan (Swamp:3)
  A swamp worm (Swamp:3)
  An insubstantial wisp (Swamp:3)
  An orc priest (Orc:1)
  A briar patch (Swamp:1)
  A fungus (Lair:4)
  2 plants
9 creatures vanquished.

Grand Total: 838 creatures vanquished

Notes
Turn   | Place    | Note
-------+----------+-------------------------------------------
     0 | D:1      | eccles the Minotaur Berserker began the quest for the Orb.
     0 | D:1      | Reached XP level 1. HP: 19/19 MP: 0/0
   382 | D:1      | Reached skill level 4 in Axes
   382 | D:1      | Reached XP level 2. HP: 27/27 MP: 1/1
   874 | D:2      | Reached XP level 3. HP: 24/33 MP: 2/2
   918 | D:2      | Reached ** piety under Trog
  1083 | D:2      | Found a runed door.
  1087 | D:2      | Noticed Crazy Yiuf
  1089 | D:2      | Killed Crazy Yiuf
  1089 | D:2      | Reached XP level 4. HP: 41/41 MP: 3/3
  1184 | D:2      | Reached skill level 5 in Axes
  1357 | D:2      | Found a burning altar of Makhleb.
  1357 | D:2      | Found a glowing golden altar of the Shining One.
  1550 | D:3      | Noticed Robin
  1577 | D:3      | Killed Robin
  1580 | D:3      | Reached XP level 5. HP: 47/47 MP: 4/4
  1666 | D:3      | Noticed HandholdingErotica's ghost (amateur OgBe)
  1675 | D:3      | Killed HandholdingErotica's ghost
  1675 | D:3      | Reached skill level 5 in Fighting
  1675 | D:3      | Reached skill level 6 in Axes
  1675 | D:3      | Reached XP level 6. HP: 23/56 MP: 5/5
  2101 | D:3      | Reached *** piety under Trog
  2563 | D:3      | Noticed Ijyb
  2568 | D:3      | Paralysed by Ijyb for 4 turns
  2576 | D:3      | Paralysed by Ijyb for 7 turns
  2584 | D:3      | Killed Ijyb
  2663 | D:4      | Reached skill level 7 in Axes
  2789 | D:4      | Found a sparkling altar of Nemelex Xobeh.
  2846 | D:4      | Reached XP level 7. HP: 59/61 MP: 6/6
  3099 | D:4      | Got a translucent wooden ring
  3226 | D:5      | Entered Level 5 of the Dungeon
  3345 | D:5      | Found Tudag's Book Emporium.
  3409 | D:5      | Noticed Rwicked's ghost (novice MiBe)
  3435 | D:5      | Killed Rwicked's ghost
  3435 | D:5      | Reached skill level 8 in Axes
  3435 | D:5      | Reached skill level 5 in Armour
  3435 | D:5      | Reached XP level 8. HP: 33/71 MP: 7/7
  3663 | D:5      | Reached skill level 9 in Axes
  3714 | D:5      | Found a shimmering altar of Xom.
  3718 | D:5      | Found a hide-covered altar of Uskayaw.
  3720 | D:5      | Found a blossoming altar of Fedhas.
  3842 | D:5      | Noticed Sigmund
  3858 | D:5      | Killed Sigmund
  4122 | D:5      | Identified the ring "Voxuzxeph" {rF+ rC+ MR+++} (You found it on level 4 of the Dungeon)
  4520 | D:6      | Reached skill level 1 in Stealth
  4523 | D:6      | Reached skill level 10 in Axes
  4610 | D:6      | Noticed Alter's ghost (amateur GnSk)
  4620 | D:6      | Killed Alter's ghost
  4928 | D:7      | Reached **** piety under Trog
  4928 | D:7      | Reached XP level 9. HP: 79/79 MP: 8/8
  4934 | D:7      | Found a staircase to the Ecumenical Temple.
  5114 | D:7      | Reached skill level 11 in Axes
  5188 | D:7      | Found a deep blue altar of Sif Muna.
  5539 | D:7      | Reached skill level 12 in Axes
  5621 | D:8      | Noticed Prince Ribbit
  5622 | D:8      | Noticed Maurice
  5629 | D:8      | Killed Prince Ribbit
  5645 | D:8      | Killed Maurice
  5789 | D:8      | Found Tipt's Distillery.
  5877 | D:8      | Bought a potion of heal wounds for 60 gold pieces
  5877 | D:8      | Bought a potion of curing for 36 gold pieces
  5877 | D:8      | Bought a potion of heal wounds for 60 gold pieces
  5877 | D:8      | Bought a potion of heal wounds for 60 gold pieces
  5877 | D:8      | Bought a potion of haste for 120 gold pieces
  5877 | D:8      | Bought a potion of heal wounds for 60 gold pieces
  5939 | D:8      | Noticed a komodo dragon
  5943 | D:8      | Killed a komodo dragon
  5943 | D:8      | Reached skill level 13 in Axes
  5943 | D:8      | Reached XP level 10. HP: 87/91 MP: 9/9
  6002 | D:8      | Found a staircase to the Lair.
  6011 | D:8      | Reached ***** piety under Trog
  6190 | D:8      | Noticed a two-headed ogre
  6199 | D:8      | Killed a two-headed ogre
  6673 | D:8      | Upgraded the game from 0.21.1-68-g103a7af to 0.21.1-74-g47da925
  6759 | D:9      | Found a staircase to the Orcish Mines.
  6783 | D:9      | Reached skill level 14 in Axes
  6887 | D:9      | Noticed Sermion's ghost (novice MiBe)
  6904 | D:9      | Killed Sermion's ghost
  6904 | D:9      | Reached skill level 10 in Fighting
  7706 | D:10     | Entered Level 10 of the Dungeon
  8163 | D:10     | Reached XP level 11. HP: 101/101 MP: 10/10
  8243 | D:11     | Reached skill level 15 in Axes
  8697 | D:11     | Found a snail-covered altar of Cheibriados.
  8700 | D:11     | Noticed a seven-headed hydra
  9195 | D:10     | Killed a seven-headed hydra
  9438 | D:12     | Reached skill level 1 in Maces & Flails
  9477 | D:12     | Killed an unseen horror
  9558 | D:12     | Reached ****** piety under Trog
  9581 | D:12     | Reached skill level 16 in Axes
  9725 | D:12     | Received a gift from Trog
 10124 | D:12     | Found a radiant altar of Vehumet.
 10124 | D:12     | Noticed a deep elf mage
 10130 | D:12     | Killed a deep elf mage
 10162 | D:12     | Reached XP level 12. HP: 91/112 MP: 3/11
 10432 | D:13     | Noticed a catoblepas
 10466 | D:13     | Killed a catoblepas
 10511 | D:13     | Noticed Urug
 11040 | Lair:1   | Entered Level 1 of the Lair of Beasts
 11040 | Lair:1   | Found a glowing silver altar of Zin.
 11049 | Lair:1   | Reached skill level 17 in Axes
 11108 | Lair:1   | Found a frozen archway.
 11119 | IceCv    | Entered an ice cave
 11461 | IceCv    | Reached skill level 1 in Evocations
 11863 | IceCv    | Found an ancient bone altar of Kikubaaqudgha.
 11966 | IceCv    | Received a gift from Trog
 11983 | IceCv    | Reached skill level 18 in Axes
 12265 | IceCv    | Got a pair of translucent gloves
 12339 | IceCv    | Identified the +1 pair of gloves of Ygufihul {rC++ rN+ Dex-4 SInv} (You found it in an ice cave)
 13152 | Lair:2   | Reached skill level 10 in Armour
 13198 | Lair:2   | Reached XP level 13. HP: 103/122 MP: 4/12
 13692 | Lair:3   | Noticed Rupert
 13707 | Lair:3   | Killed Rupert
 13803 | Lair:3   | Reached skill level 19 in Axes
 13914 | Lair:3   | Found a stormy altar of Qazlal.
 14162 | Lair:3   | Found a staircase to the Snake Pit.
 14323 | Lair:4   | Got a crystal rapier
 14461 | Lair:4   | Received a gift from Trog
 14809 | Lair:4   | Identified the +4 rapier of Fupp {drain, rElec} (You found it on level 4 of the Lair of Beasts)
 15017 | Lair:4   | Found a staircase to the Swamp.
 15289 | Lair:5   | Found a staircase to the Slime Pits.
 15402 | Lair:5   | Noticed Nessos
 15418 | Lair:5   | Killed Nessos
 15418 | Lair:5   | Reached skill level 20 in Axes
 15576 | Lair:5   | Noticed Snorg
 15585 | Lair:5   | Killed Snorg
 15818 | Lair:6   | Entered Level 6 of the Lair of Beasts
 16083 | Lair:6   | Reached XP level 14. HP: 133/133 MP: 13/13
 16092 | Lair:6   | Received a gift from Trog
 16745 | Lair:6   | Reached skill level 15 in Fighting
 17712 | Orc:1    | Entered Level 1 of the Orcish Mines
 18191 | Orc:1    | Found Cuilloho's Magic Scroll Shoppe.
 18210 | Orc:1    | Bought a scroll of identify for 30 gold pieces
 18210 | Orc:1    | Bought a scroll of identify for 30 gold pieces
 18210 | Orc:1    | Bought 2 scrolls of identify for 60 gold pieces
 18210 | Orc:1    | Bought a scroll of identify for 30 gold pieces
 18210 | Orc:1    | Bought a scroll of enchant armour for 112 gold pieces
 18210 | Orc:1    | Bought a scroll of enchant armour for 112 gold pieces
 18353 | Orc:1    | Found Kirybric's Gadget Shoppe.
 18360 | Orc:1    | Found Kolerphir's Book Emporium.
 18487 | Orc:2    | Entered Level 2 of the Orcish Mines
 18628 | Orc:2    | Received a gift from Trog
 18664 | Orc:2    | Reached skill level 21 in Axes
 18686 | Orc:2    | Noticed Saint Roka
 18934 | Orc:2    | Found a roughly hewn altar of Beogh.
 18957 | Orc:2    | Killed Saint Roka
 19015 | Orc:2    | Found Loewko's Antique Weapon Boutique.
 19161 | Orc:2    | Found a roughly hewn altar of Beogh.
 19274 | Orc:2    | Found a staircase to the Elven Halls.
 19352 | Orc:2    | Noticed a stone giant
 19365 | Orc:2    | Killed a stone giant
 19710 | Orc:2    | Found Waqiam's General Store.
 19719 | Orc:2    | Found Caod's Antique Armour Boutique.
 19855 | Orc:2    | Bought a scroll of identify for 32 gold pieces
 19865 | Orc:2    | Found Pase's Jewellery Boutique.
 19872 | Orc:2    | Bought an uncursed amulet of regeneration for 510 gold pieces
 20157 | D:13     | Found Hacidatt's Food Boutique.
 20196 | D:13     | Bought a ration for 50 gold pieces
 20196 | D:13     | Bought a ration for 50 gold pieces
 20196 | D:13     | Bought a ration for 50 gold pieces
 20196 | D:13     | Bought a ration for 50 gold pieces
 20196 | D:13     | Bought a ration for 50 gold pieces
 20196 | D:13     | Bought a ration for 50 gold pieces
 20196 | D:13     | Bought a ration for 50 gold pieces
 20196 | D:13     | Bought a ration for 50 gold pieces
 20196 | D:13     | Bought a ration for 50 gold pieces
 20605 | D:13     | Killed Urug
 20781 | D:14     | Found a gate to the Vaults.
 20802 | D:13     | Reached XP level 15. HP: 143/145 MP: 14/14
 20803 | D:13     | Received a gift from Trog
 21703 | D:14     | Received a gift from Trog
 21999 | D:15     | Entered Level 15 of the Dungeon
 22292 | D:15     | Reached skill level 22 in Axes
 22497 | D:15     | Found a staircase to the Depths.
 22735 | D:15     | Found Hinoso Tieki's Assorted Antiques.
 22749 | D:15     | Bought a scroll of magic mapping for 112 gold pieces
 22749 | D:15     | Bought a potion of curing for 96 gold pieces
 22749 | D:15     | Bought a scroll of identify for 64 gold pieces
 23189 | Swamp:1  | Entered Level 1 of the Swamp
 23234 | Swamp:1  | Noticed Louise
 23246 | Swamp:1  | Killed Louise
 23480 | Swamp:1  | Received a gift from Trog
 23483 | Swamp:1  | Got a polished battleaxe {god gift}
 23484 | Swamp:1  | Identified the +6 battleaxe "Raikiogh" {speed, +Rage rN+ MR+ Int+5} (Trog gifted it to you on level 1 of the Swamp)
 23737 | Swamp:1  | Noticed a thorn hunter
 23739 | Swamp:1  | Noticed Josephine
 23751 | Swamp:1  | Killed a thorn hunter
 23766 | Swamp:1  | Killed Josephine
 23865 | Swamp:1  | Noticed Frances
 23982 | Swamp:1  | Killed Frances
 24020 | Swamp:1  | Reached XP level 16. HP: 142/157 MP: 15/15
 24235 | Swamp:2  | Noticed Roxanne
 25210 | Swamp:2  | Killed Roxanne
 25211 | Swamp:2  | Identified Roxanne's Disquisition on Stones (You took it off Roxanne on level 2 of the Swamp)
 25262 | Swamp:2  | Received a gift from Trog
 25519 | Swamp:3  | Noticed a thorn hunter
 25566 | Swamp:3  | Killed from afar by a thorn hunter

Skill      XL: |  1  2  3  4  5  6  7  8  9 10 11 12 13 14 15 |
---------------+----------------------------------------------+-----
Axes           | 4 5 6 7 8 10 13 14 16 18 20 21 22 | 22.9
Fighting       | 4 5 6 7 9 10 12 13 14 16 18 | 18.8
Armour         | 3 4 5 6 7 8 9 10 11 12 13 | 13.4
Dodging        | 3 4 |  4.8
Stealth        | 1 2 |  2.2
Maces & Flails | 1 2 3 |  3.6
Evocations     | 1 |  1.2
Throwing       | |  0.2

Action                   |  1- 3 |  4- 6 |  7- 9 | 10-12 | 13-15 | 16-18 || total
-------------------------+-------+-------+-------+-------+-------+-------++-------
Melee: Hand axe          |    74 |    52 |       |       |       |       ||   126
       Headbutt          |     9 |    13 |    38 |   148 |   219 |    49 ||   476
       War axe           |       |    49 |   109 |    24 |       |       ||   182
       Battleaxe         |       |       |    74 |   566 |   909 |   184 ||  1733
       Mace              |       |       |       |     5 |    26 |       ||    31
       Flail             |       |       |       |     1 |       |       ||     1
Throw: Javelin           |       |       |     3 |       |       |       ||     3
       Tomahawk          |       |       |       |       |     2 |       ||     2
Invok: Berserk           |     1 |     2 |     4 |     8 |     4 |     2 ||    21
       Burn Spellbooks   |       |       |     2 |     1 |     3 |     1 ||     7
Evoke: Wand              |       |       |       |    10 |     2 |       ||    12
  Use: Scroll            |       |     5 |    10 |    17 |    18 |     3 ||    53
       Potion            |       |       |       |     1 |     3 |     1 ||     5
 Stab: Petrified         |       |       |       |     1 |       |       ||     1
       Confused          |       |       |       |       |       |     1 ||     1
  Eat: Chunk             |     1 |     6 |    10 |    16 |    19 |     2 ||    54
       Ration            |       |     1 |     1 |     6 |     5 |     1 ||    14
Armor: Animal skin       |     5 |       |       |       |       |       ||     5
       Ring mail         |    26 |    38 |    38 |       |       |       ||   102
       Plate armour      |       |       |    56 |   451 |   567 |   140 ||  1214
       Chain mail        |       |       |    18 |       |       |       ||    18
Dodge: Dodged            |    41 |    71 |    87 |   253 |   346 |    75 ||   873
       Deflected         |       |       |       |       |       |     3 ||     3
